 Dungeon Crawl Stone Soup version 0.31.0-11-ge490571c62 (webtiles) character file.

Game seed: 7418867846169073584

2 Goblin1989 the Sneak (level 1, 0/18 HPs)
             Began as a Demonspawn Delver on Feb 10, 2024.
             Was a Believer of Uskayaw.
             Succumbed to an adder's poison
             ... on level 3 of the Dungeon.
             The game lasted 00:03:19 (308 turns).

Goblin1989 the Sneak (Demonspawn Delver)             Turns: 308, Time: 00:03:20

Health: 0/18       AC:  3    Str: 12    XL:     1   Next: 25%
Magic:  1/1        EV: 11    Int: 10    God:    Uskayaw [**....]
Gold:   18         SH:  0    Dex: 14    Spells: 0/0 levels left

rFire   . . .        a - +0 short sword
rCold   . . .        (no shield)
rNeg    . . .        b - +0 leather armour
rPois   .            (no helmet)
rElec   .            (no cloak)
rCorr   .            (no gloves)
SInv    .            (no boots)
Will    .....        (no amulet)
Stlth   ++           (no ring)
HPRegen 0.23/turn    (no ring)
MPRegen 0.07/turn

%: no passive effects
@: lethally poisoned (0 -> -3)
A: no striking features
a: Renounce Religion, Stomp, Line Pass


You were on level 3 of the Dungeon.
You worshipped Uskayaw.
Uskayaw was noncommittal.
You visited 2 branches of the dungeon, and saw 4 of its levels.

You collected 18 gold pieces.

Inventory:

Hand Weapons
 a - a +0 short sword (weapon)
 l - a +0 quarterstaff
Missiles
 i - 8 stones (quivered)
Armour
 b - a +0 leather armour (worn)
Wands
 g - a wand of digging (3) {@v3}
 h - a wand of iceblast (4) {@v5}
 j - a wand of flame (18) {@v1}
Scrolls
 c - a scroll of fog
 k - a scroll of teleportation {unknown}
 m - 2 scrolls of identify {unknown}
Potions
 f - a potion of haste {@q3,}


   Skills:
 + Level 3.1 Fighting
 - Level 1.7 Short Blades
 - Level 1.7 Dodging
 - Level 4.5 Stealth


You couldn't memorise any spells.
You didn't know any spells.
Your spell library was empty.

Dungeon Overview and Level Annotations

Branches:
Dungeon (5/15) Zot: 17715  Temple (1/1) D:5 Zot: 5979

Altars:
Ashenzari
Cheibriados
Dithmenos
Fedhas
Gozag
Hepliaklqana
Kikubaaqudgha
Nemelex Xobeh
Qazlal
Ru
Sif Muna
Trog
Uskayaw
Vehumet
Wu Jian
Xom
Yredelemnul

Annotations:
D:5 Eustachio


Message History

The giant cockroach is moderately wounded.
The giant cockroach barely misses you.
Health restored: 18 You hit the giant cockroach but do no damage.
The giant cockroach is moderately wounded.
The giant cockroach bites you but does no damage.
You hit the giant cockroach.
The giant cockroach is almost dead.
The giant cockroach bites you but does no damage.
You can now stomp with the beat.
You hit the giant cockroach.
You kill the giant cockroach!
You see here a giant cockroach corpse.
You see here a giant cockroach corpse.
The ball python hisses angrily.
The ball python barely misses you. The ball python grabs you.
The ball python constricts you.
You take 1 damage, and have 17/18 hp.
You hit the ball python.
The ball python is moderately wounded.
The ball python bites you but does no damage.
The ball python constricts you.
You take 1 damage, and have 16/18 hp.
You hit the ball python.
The ball python is severely wounded.
The ball python bites you. The ball python constricts you.
You take 3 damage, and have 13/18 hp.
You closely miss the ball python.
The ball python is severely wounded.
The ball python bites you. The ball python constricts you.
You take 2 damage, and have 11/18 hp.
You hit the ball python.
You kill the ball python!
You see here a ball python corpse.
You see here a ball python corpse.
You start resting.
HP restored.
Health restored: 18 You see here a ball python corpse.
m - 2 scrolls labelled WILIXIOSUR (gained 1)
The adder hisses angrily.
You hit the adder but do no damage. Your punch misses the adder.
The adder bites you. The adder barely misses you.
You take 2 damage, and have 16/18 hp.
You barely miss the adder. The adder bites you.
You take 1 damage, and have 15/18 hp.
You miss the adder. The adder bites you but does no damage.
You hit the adder.
The adder is moderately wounded.
The adder bites you.
You are poisoned.
The adder poisons you!
You take 1 damage, and have 14/18 hp.
You barely miss the adder.
The adder is moderately wounded.
You feel sick. The adder bites you.
You are more poisoned.
The adder poisons you!
You take 2 damage, and have 12/18 hp.
You miss the adder.
The adder is lightly wounded.
You feel sick. The adder barely misses you.
The adder bites you but does no damage.
You take 2 damage, and have 10/18 hp.
You hit the adder.
The adder is moderately wounded.
You feel sick. The adder barely misses you.
You hit the adder.
The adder is heavily wounded.
You feel sick. The adder barely misses you.
You can now pass through a line of other dancers.
You take 1 damage, and have 9/18 hp.
You closely miss the adder.
The adder is heavily wounded.
You feel sick. The adder completely misses you.
You take 1 damage, and have 8/18 hp.
You completely miss the adder.
The adder is heavily wounded.
You feel sick. The adder closely misses you.
You take 1 damage, and have 7/18 hp.
You hit the adder.
The adder is severely wounded.
You feel sick. The adder barely misses you. x2
You take 1 damage, and have 6/18 hp.
You miss the adder.
The adder is severely wounded.
You feel sick.
You are no longer poisoned.
The adder bites you.
* * * LOW HITPOINT WARNING * * *
You are lethally poisoned!
The adder poisons you!
You take 3 damage, and have 3/18 hp.
You closely miss the adder.
The adder is severely wounded.
* * * LOW HITPOINT WARNING * * *
You feel sick. The adder barely misses you.
You take 2 damage, and have 1/18 hp.
It was a potion of cancellation.
You feel magically purged.
You die...

██████.█.......██████
█†██..........
█.██...........
██████.██...........
█............███████
█............█
█............█
█............█
█......@S)...█
█..........|.█
█......$.....█
█............█
██████.█.....█
█.█.....█ █.█.....█
█.......█ █.█ ....█


You could see an adder.

Vanquished Creatures
  A giant cockroach (D:3)
  A ball python (D:3)
2 creatures vanquished.

Notes
Turn   | Place    | Note
-------+----------+-------------------------------------------
     0 | D:5      | Goblin1989 the Demonspawn Delver began the quest for the
                  | Orb.
     0 | D:5      | Reached XP level 1. HP: 18/18 MP: 1/1
    11 | D:5      | Found a staircase to the Ecumenical Temple.
    32 | Temple   | Entered the Ecumenical Temple
    42 | Temple   | Became a worshipper of Uskayaw the Reveller
    54 | D:5      | Noticed Eustachio
   124 | D:5      | Noticed a water moccasin
   167 | D:4      | Noticed a hound
   172 | D:4      | Noticed a hound
   224 | D:3      | Reached * piety under Uskayaw
   302 | D:3      | Reached ** piety under Uskayaw
   308 | D:3      | Succumbed to an adder's poison

Illustrated notes

Levels and vault maps discovered:
D:3:      layout_basic
D:4:      layout_cave_pools, roderic_serpentine_path, kennysheep_cross_room,
          roderic_lattice_a, chequers_hall_statues_wall_a, uniq_robin,
          uniq_pikel
D:5:      layout_rooms, minmay_temple_entry_sparse_star, uniq_eustachio,
          uniq_blork_the_orc
Temple:   nicolae_temple_slightly_damp_pantheon

Action                     || total
---------------------------++-------
  Melee: Short sword       ||    24
    Use: Scroll            ||     2
         Potion            ||     1
 Armour: Leather armour    ||    13
  Dodge: Dodged            ||    13
